 Dungeon Crawl Stone Soup version 0.21.1-1-g345015f (webtiles) character file.

121999 Wander the Warrior (level 16, 0/136 HPs)
             Began as a Demonspawn Berserker on Apr 22, 2018.
             Was the Champion of Trog.
             Slain by an insubstantial wisp (12 damage)
             ... on level 3 of the Swamp on Apr 23, 2018.
             The game lasted 01:47:32 (25016 turns).

Wander the Warrior (Demonspawn Berserker)          Turns: 25016, Time: 01:47:33

Health: 0/136      AC:  0    Str: 18    XL:     16   Next: 33%
Magic:  16/16      EV: 20    Int: 14    God:    Trog [******]
Gold:   2124       SH:  0    Dex: 18    Spells: 15/15 levels left

rFire    . . .     SeeInvis .     - Unarmed
rCold    . . .     Gourm    .   (shield currently unavailable)
rNeg     . . .     Faith    .   (armour currently unavailable)
rPois    .         Spirit   .   (helmet currently unavailable)
rElec    .         Reflect  .   (cloak currently unavailable)
rCorr    .         Harm     .   (gloves currently unavailable)
MR       +....     Clarity  +   (boots unavailable)
Stlth    ++........             c - amulet of regeneration
HPRegen  0.72/turn              (ring currently unavailable)
MPRegen  0.15/turn              (ring currently unavailable)

@: pig-form (expiring), heavily drained, very quick
A: small, clarity, clever 2, powered by death 2, MP-powered wands
a: Berserk, Trog's Hand, Brothers in Arms, Burn Spellbooks, Renounce Religion


You were on level 3 of the Swamp.
You worshipped Trog.
Trog was exalted by your worship.
You were hungry.
You were a filthy swine.
You visited 4 branches of the dungeon, and saw 26 of its levels.
You also visited: Trove, Sewer and Bailey.

You collected 2616 gold pieces.
You spent 492 gold pieces at shops.

Inventory:

Hand Weapons
 a - a +6 demon blade of electrocution (melded)
 f - the +7 scimitar "Wismuwna" {drain, rC- Str+2 Int+6}
   (Trog gifted it to you on level 13 of the Dungeon)

   A truly terrible weapon, it drains the life of those it strikes.
   It affects your strength (+2).
   It affects your intelligence (+6).
   It makes you vulnerable to cold.
 x - the +11 scimitar of Honour {elec, rF- MR- MP+9 Int+8}
   (You found it on level 8 of the Dungeon)

   Occasionally, upon striking a foe, it will discharge some electrical energy
   and cause terrible harm.
   It affects your intelligence (+8).
   It makes you vulnerable to fire.
   It affects your resistance to hostile enchantments.
   It affects your magic capacity (+9).
 Z - the +5 rapier "X" {drain, +Rage rPois Str+2}
   (You found it on level 4 of the Lair of Beasts)

   A truly terrible weapon, it drains the life of those it strikes.
   It affects your strength (+2).
   It protects you from poison.
   It lets you go berserk.
Armour
 d - a +0 cloak (melded)
 g - a +0 helmet (melded)
 w - the +3 shield of the Thunderstorm (melded) {rElec Str+5}
   (You acquired it on level 11 of the Dungeon)

   It affects your strength (+5).
   It insulates you from electricity.
 z - the +0 pair of fencer's gloves (melded) {+Riposte Dex+3}
   (You bought it in a shop on level 2 of the Orcish Mines)

   It affects your dexterity (+3).
 J - a +4 scale mail of fire resistance (melded)
 N - a +1 robe of resistance
 Q - a +0 large shield of fire resistance
Jewellery
 c - an amulet of regeneration (around neck)
 h - the ring "Ydeckeem" {rC+ rN+ Int+4}
   (You found it in a treasure trove)

   [ring of positive energy]

   It affects your intelligence (+4).
   It protects you from cold.
   It protects you from negative energy.
 r - the amulet "Naeneluawk" {+Rage +Fly rElec rF+ Dex-4}
   (You found it in a treasure trove)

   [amulet of rage]

   It affects your dexterity (-4).
   It protects you from fire.
   It insulates you from electricity.
   It lets you fly.
   It lets you go berserk.
 H - the ring "Sushucur" {Str+2 Int+2 SInv}
   (You found it in a treasure trove)

   [ring of see invisible]

   It affects your strength (+2).
   It affects your intelligence (+2).
   It lets you see invisible.
 I - the ring "Ecasel" {rC+ Stlth+}
   (You found it in a treasure trove)

   [ring of stealth]

   It protects you from cold.
   It makes you more stealthy.
 K - the ring "Myzoar" (melded) {rPois rF+ Int+5 Dex-2 Stlth+}
   (You found it in a treasure trove)

   [ring of protection from fire]

   It affects your intelligence (+5).
   It affects your dexterity (-2).
   It protects you from fire.
   It protects you from poison.
   It makes you more stealthy.
 M - the amulet of Mobuclacs {Gourm *Slow rN+ Str+4 Dex+3}
   (You found it in a treasure trove)

   [amulet of the gourmand]

   It allows you to eat raw meat even when not hungry.
   It affects your strength (+4).
   It affects your dexterity (+3).
   It protects you from negative energy.
   It may slow you when you take damage.
 O - the ring of Compassion (melded) {Dex+4 SInv}
   (You found it on level 6 of the Dungeon)

   [ring of see invisible]

   It affects your dexterity (+4).
   It lets you see invisible.
 P - an uncursed ring of resist corrosion
 S - a +4 ring of protection
Wands
 u - a wand of digging (44)
 y - a wand of disintegration (14)
 A - a wand of enslavement (10)
 U - a wand of iceblast (13)
Scrolls
 l - 10 scrolls of teleportation
 p - 2 scrolls of fear
 s - a scroll of identify
 t - a scroll of summoning
 B - 8 scrolls of blinking
 C - a scroll of vulnerability {unknown}
 D - 9 scrolls of remove curse
 L - 2 scrolls of magic mapping
Potions
 e - 5 potions of resistance
 i - 6 potions of flight
 j - 3 potions of haste
 k - 3 potions of heal wounds
 m - 8 potions of agility
 n - 3 potions of might
 o - 8 potions of brilliance
 q - 4 potions of curing
 E - 2 potions of ambrosia
 F - a potion of magic
 G - 3 potions of lignification
 X - a potion of berserk rage
Books
 v - a book of Maledictions

   Spells                             Type                      Level
   a - Corona                         Hexes                        1
   b - Ensorcelled Hibernation        Hexes/Ice                    2
   c - Confuse                        Hexes                        3
   d - Tukima's Dance                 Hexes                        3
   e - Dazzling Spray                 Conjuration/Hexes            3
   Trog disapproves of the use of such an item.
Comestibles
 b - 50 rations


   Skills:
 + Level 15.2(13.0) Fighting
 - Level 0.6(7.4) Short Blades
 - Level 14.0(11.9) Long Blades
 - Level 8.5(6.6) Armour
 - Level 9.2(7.3) Dodging
 * Level 6.6(4.9) Shields
 - Level 13.2(11.1) Unarmed Combat


You had 15 spell levels left.
You didn't know any spells.

Dungeon Overview and Level Annotations

Branches:
Dungeon (15/15)            Temple (0/1) D:4            Lair (6/6) D:8
  Swamp (3/4) Lair:4        Snake (0/4) Lair:2        Slime (0/5) Lair:6
    Orc (2/2) D:11            Elf (0/3) Orc:2        Vaults (0/5) D:13
 Depths (0/5) D:15

Altars:
Ashenzari
Cheibriados
Gozag
Hepliaklqana
Kikubaaqudgha
Nemelex Xobeh
Okawaru
Qazlal
Ru
Trog
Xom
Beogh

Shops:
D:4 %   D:10 *   D:11 }!   Orc:2 (*[:

Annotations:
Lair:6 exclusion: 2 oklob plants
Swamp:2 exclusion: Roxanne, Kirke, Roxanne


Innate Abilities, Weirdness & Mutations

((You have hooves in place of feet.))
((Your flesh is heat resistant. (rF+)))
You regenerate health from kills.
((You are partially covered in sharp spines.))
((Your movements are less encumbered by armour. (ER -4)))
You possess an exceptional clarity of mind.
Your mind is very acute. (Int +4)
((Your flesh is cold resistant. (rC+)))
You expend magic power (3 MP) to strengthen your wands.


Message History

The swamp worm is lightly wounded.
You feel sick. The swamp worm misses you.
The insubstantial wisp barely misses you.
The insubstantial wisp misses you.
You feel better. The swamp worm bites you!!
* * * LOW HITPOINT WARNING * * *
The insubstantial wisp completely misses you.
The insubstantial wisp barely misses you.
The insubstantial wisp misses you.
The insubstantial wisp thrums sharply.
You are struck by lightning.
* * * LOW HITPOINT WARNING * * *
The lightning arcs!
The swamp worm is struck by lightning.
The lightning arcs!
You are struck by lightning.
* * * LOW HITPOINT WARNING * * *
The lightning grounds out.
You are stuck in your current form!
Your transformation is almost over.
The insubstantial wisp hits you!
You die...

♣.≈≈≈.. ..♣$≈≈≈
≈.≈≈≈≈≈§.≈≈.≈?..
♣≈≈≈≈≈≈..≈≈..≈≈≈
♣.≈≈.....≈≈.≈≈≈≈
.≈≈.≈.......≈≈≈≈
.≈≈....♣.≈≈.≈≈≈≈
.≈≈...≈≈v≈....≈≈
♣.....wv≈.$<≈≈≈
♣♣♣♣≈vvh.....≈≈
♣♣♣♣<.♣.≈≈≈≈
♣♣♣♣ .≈≈≈ ..


You could see a swamp worm and 4 insubstantial wisps.

Vanquished Creatures
  The ghost of MordorOrchid the Geomancer, a journeyman OpEE (Orc:1)
  Josephine (D:13)
  3 vault guards
  11 hydras
  A catoblepas (D:13)
  Erolcha (D:11)
  A centaur warrior (D:15)
  Erica (Orc:1)
  The ghost of Verendum the Basher, a journeyman GrAK of Lugonu (D:10)
  16 two-headed ogres
  A death knight (D:13)
  A death yak (Lair:6)
  2 tengu warriors (D:14)
  An alligator (Swamp:1)
  2 ogre magi
  An orc high priest (Orc:2)
  A storm dragon zombie (D:15)
  Sonja (D:13)
  Urug (D:13)
  Nergalle (Orc:1)
  3 unseen horrors
  7 skeletal warriors
  A flayed ghost (D:15)
  5 orc knights
  A phantasmal warrior (D:13)
  A wolf spider zombie (D:15)
  A necromancer (D:15)
  3 cyclopes
  4 manticores
  3 orc sorcerers (Orc:2)
  An iron dragon zombie (D:15)
  6 ugly things
  Maurice (D:13)
  A guardian serpent (Lair:2)
  An elephant (Lair:3)
  A fire giant skeleton (D:15)
  8 black mambas
  25 spiny frogs
  A gargoyle (D:13)
  3 rime drakes
  5 yaktaurs (D:13)
  5 komodo dragons
  A freezing wraith (D:14)
  8 trolls
  A polar bear (Lair:3)
  2 meliai (D:14)
  7 tyrant leeches
  A fire dragon zombie (D:15)
  A meliai zombie (D:14)
  13 hippogriffs
  24 blink frogs
  13 slime creatures
  10 dream sheep
  6 wraiths
  A vampire (D:11)
  2 hogs (Swamp:2)
  5 wyverns
  2 basilisks
  Eustachio (D:4)
  27 yaks
  18 vampire mosquitoes
  3 hungry ghosts
  6 wargs
  Edmund (D:4)
  4 swamp worms
  21 water moccasins
  27 orc warriors
  Duvessa (D:5)
  12 porcupines
  2 swamp drakes (Swamp:1)
  6 sky beasts
  2 necrophages
  A hornet zombie (D:11)
  An eye of draining (D:13)
  An ice beast (D:13)
  A phantom (D:7)
  14 ogres
  15 wolves
  16 centaurs
  3 crocodiles
  A big kobold (D:11)
  A wyvern zombie (D:12)
  28 bullfrogs
  3 gnoll sergeants (D:11)
  Dowan (D:5)
  5 scorpions
  22 killer bees
  11 wights
  5 howler monkeys
  3 electric eels
  13 crimson imps
  4 bullfrog zombies
  12 centaur skeletons
  2 centaur zombies
  5 hounds
  A gnoll shaman (Orc:1)
  13 orc priests
  3 jellies
  3 bullfrog skeletons
  3 iguanas
  29 orc wizards
  2 hell rats (Lair:1)
  11 worker ants
  A hound zombie (D:8)
  A hound skeleton (D:7)
  2 worker ant zombies
  16 adders
  18 gnolls
  16 river rats
  5 shadow imps
  An ooze (D:6)
  2 adder skeletons
  5 worms
  A dart slug (D:3)
  3 leopard geckos
  83 orcs
  2 giant cockroaches
  24 goblins
  19 hobgoblins
  12 jackals
  6 quokkas
  4 ball pythons
  9 bats
  9 frilled lizards
  4 jackal skeletons
  37 kobolds
  A leopard gecko skeleton (D:4)
  29 rats
  A withered plant (D:15)
908 creatures vanquished.

Vanquished Creatures (collateral kills)
  2 orc warlords
  A catoblepas (Lair:6)
  A skeletal warrior (D:13)
  2 orc knights (Orc:1)
  A spiny frog (Lair:6)
  A wraith (D:13)
  An orc warrior (Orc:1)
  A crimson imp (D:13)
  A hobgoblin (Bailey)
11 creatures vanquished.

Vanquished Creatures (others)
  A hog (Swamp:2)
  2 fungi (Lair:6)
  58 plants (Lair:6)
61 creatures vanquished.

Grand Total: 980 creatures vanquished

Notes
Turn   | Place    | Note
-------+----------+-------------------------------------------
     0 | D:1      | Wander the Demonspawn Berserker began the quest for the Orb.
     0 | D:1      | Reached XP level 1. HP: 18/18 MP: 1/1
   447 | D:1      | Gained mutation: You have large cloven feet. [demonic ancestry]
   447 | D:1      | Reached XP level 2. HP: 23/24 MP: 2/2
   775 | D:2      | Gained mutation: You are partially covered in sharp spines. [demonic ancestry]
   775 | D:2      | Reached XP level 3. HP: 15/29 MP: 3/3
  1014 | D:2      | Noticed a moth of wrath
  1017 | D:2      | Found a bloodstained altar of Trog.
  1294 | D:2      | Reached ** piety under Trog
  1718 | D:3      | Reached XP level 4. HP: 29/35 MP: 4/4
  1764 | D:3      | Found a glowing drain.
  2032 | D:3      | Reached skill level 5 in Unarmed Combat
  2079 | Sewer    | Entered a sewer
  2187 | Sewer    | Gained mutation: You have hoof-like feet. [demonic ancestry]
  2187 | Sewer    | Reached XP level 5. HP: 4/41 MP: 5/5
  2555 | Sewer    | Reached *** piety under Trog
  2996 | D:3      | Found a hazy altar of Hepliaklqana.
  3003 | D:3      | Reached **** piety under Trog
  3045 | D:3      | Gained mutation: Your movements are slightly less encumbered by armour. (ER -2) [demonic ancestry]
  3045 | D:3      | Reached XP level 6. HP: 42/47 MP: 6/6
  4023 | D:4      | Noticed Edmund
  4362 | D:4      | Killed Edmund
  4362 | D:4      | Gained mutation: You have hooves in place of feet. [demonic ancestry]
  4362 | D:4      | Reached XP level 7. HP: 52/52 MP: 7/7
  4436 | D:4      | Found a staircase to the Ecumenical Temple.
  4778 | D:4      | Found Nocenn's Food Boutique.
  4959 | D:5      | Entered Level 5 of the Dungeon
  4966 | D:5      | Noticed Eustachio
  4981 | D:4      | Killed Eustachio
  5154 | D:5      | Reached ***** piety under Trog
  5474 | D:5      | Reached XP level 8. HP: 41/58 MP: 8/8
  5609 | D:5      | Noticed Dowan
  5613 | D:5      | Noticed Duvessa
  5636 | D:5      | Killed Duvessa
  5638 | D:5      | Killed Dowan
  6168 | D:5      | Gained mutation: You are robust. (+10% HP) [potion of mutation]
  6168 | D:5      | Lost mutation: You are robust. (+10% HP) [potion of mutation]
  6168 | D:5      | Gained mutation: Your spells are a little harder to cast, but a little more powerful. [potion of mutation]
  6169 | D:5      | Lost mutation: Your spells are a little harder to cast, but a little more powerful. [potion of mutation]
  6169 | D:5      | Gained mutation: You are robust. (+10% HP) [potion of mutation]
  6169 | D:5      | Gained mutation: Your mind is acute. (Int +2) [potion of mutation]
  6169 | D:5      | Gained mutation: Your flesh is cold resistant. (rC+) [potion of mutation]
  6169 | D:5      | Gained mutation: You have a pair of small horns on your head. [potion of mutation]
  6170 | D:5      | Lost mutation: You are robust. (+10% HP) [potion of mutation]
  6170 | D:5      | Lost mutation: You have a pair of small horns on your head. [potion of mutation]
  6170 | D:5      | Gained mutation: You possess an exceptional clarity of mind. [potion of mutation]
  6170 | D:5      | Gained mutation: You expend magic power (3 MP) to strengthen your wands. [potion of mutation]
  6170 | D:5      | Gained mutation: Your mind is very acute. (Int +4) [potion of mutation]
  6170 | D:5      | Gained mutation: Your movements are less encumbered by armour. (ER -4) [potion of mutation]
  6256 | D:5      | Reached skill level 10 in Unarmed Combat
  6432 | D:6      | Found an ancient bone altar of Kikubaaqudgha.
  6785 | D:6      | Got a slimy pewter ring
  6786 | D:6      | Identified the ring of Compassion {Dex+4 SInv} (You found it on level 6 of the Dungeon)
  6806 | D:6      | Reached XP level 9. HP: 56/63 MP: 9/9
  7490 | D:7      | Found a flagged portal.
  7497 | Bailey   | Entered a bailey
  7512 | Bailey   | Noticed an orc warlord
  7603 | Bailey   | Found a runed gate.
  7605 | Bailey   | Found a runed gate.
  7608 | Bailey   | Reached skill level 7 in Fighting
  7608 | Bailey   | Mutation became permanent: Your movements are slightly less encumbered by armour. (ER -2) [demonic ancestry]
  7608 | Bailey   | Gained mutation: Your movements are less encumbered by armour. (ER -4) [demonic ancestry]
  7608 | Bailey   | Reached XP level 10. HP: 79/79 MP: 10/10
  7624 | Bailey   | Found a runed gate.
  7636 | Bailey   | Received a gift from Trog
  7686 | Bailey   | Killed an orc warlord
  7686 | Bailey   | Reached skill level 5 in Armour
  7721 | Bailey   | Reached XP level 11. HP: 86/86 MP: 11/11
  7848 | D:7      | Reached skill level 8 in Fighting
  7944 | D:7      | Found a snail-covered altar of Cheibriados.
  8034 | D:7      | Found a sparkling altar of Nemelex Xobeh.
  8035 | D:7      | Found a sacrificial altar of Ru.
  8035 | D:7      | Found an opulent altar of Gozag.
  8037 | D:7      | Found a stormy altar of Qazlal.
  8039 | D:7      | Found an iron altar of Okawaru.
  8573 | D:8      | Got a twisted scimitar
  8649 | D:8      | Identified the +11 scimitar of Honour {elec, rF- MR- MP+9 Int+8} (You found it on level 8 of the Dungeon)
  8672 | D:8      | Found a staircase to the Lair.
  8900 | Lair:1   | Entered Level 1 of the Lair of Beasts
  8950 | Lair:1   | Reached skill level 1 in Long Blades
  8963 | Lair:1   | Reached XP level 12. HP: 70/92 MP: 12/12
  9013 | Lair:1   | Noticed a seven-headed hydra
  9017 | Lair:1   | Killed a nine-headed hydra
  9129 | Lair:1   | Reached skill level 5 in Long Blades
  9938 | Lair:2   | Noticed an eight-headed hydra
  9949 | Lair:2   | Killed an eight-headed hydra
 10028 | Lair:2   | Reached ****** piety under Trog
 10184 | Lair:2   | Noticed a six-headed hydra
 10188 | Lair:2   | Killed a ten-headed hydra
 10191 | Lair:2   | Found a staircase to the Snake Pit.
 11518 | Lair:3   | Received a gift from Trog
 11521 | Lair:3   | Reached skill level 10 in Long Blades
 11521 | Lair:3   | Gained mutation: You regenerate a little health from kills. [demonic ancestry]
 11521 | Lair:3   | Reached XP level 13. HP: 98/98 MP: 13/13
 11634 | Lair:3   | Got an iridescent great mace
 11638 | Lair:3   | Identified the cursed +2 great mace "Cekkick" {vamp, rPois Str+4} (You found it on level 3 of the Lair of Beasts)
 12309 | Lair:4   | Found a staircase to the Swamp.
 12566 | Lair:4   | Got an encrusted rapier
 12567 | Lair:4   | Identified the +5 rapier "X" {drain, +Rage rPois Str+2} (You found it on level 4 of the Lair of Beasts)
 12937 | Lair:5   | Got a slimy plate armour
 12950 | Lair:5   | Identified the +6 plate armour of Amorality {rElec Str+4 Slay-4 Stlth+} (You found it on level 5 of the Lair of Beasts)
 13673 | Lair:6   | Entered Level 6 of the Lair of Beasts
 13728 | Lair:6   | Found a staircase to the Slime Pits.
 13861 | Lair:6   | HP: 4/98 [spiny frog (19)]
 13977 | Lair:6   | Gained mutation: You regenerate health from kills. [demonic ancestry]
 13977 | Lair:6   | Reached XP level 14. HP: 23/105 MP: 14/14
 14507 | Lair:6   | Found a shattered altar of Ashenzari.
 15068 | D:9      | Reached skill level 9 in Fighting
 15627 | D:10     | Entered Level 10 of the Dungeon
 15658 | D:10     | Noticed Verendum's ghost (journeyman GrAK)
 15679 | D:10     | Killed Verendum's ghost
 15938 | D:10     | Found Icofoniw's Assorted Antiques.
 16266 | D:11     | Reached skill level 10 in Fighting
 16362 | D:11     | Received a gift from Trog
 16740 | D:11     | Found Ymuarr's Distillery.
 16745 | D:11     | Bought a potion of degeneration for 12 gold pieces
 16800 | D:11     | Found a staircase to the Orcish Mines.
 16868 | Orc:1    | Entered Level 1 of the Orcish Mines
 16893 | Orc:1    | Found a roughly hewn altar of Beogh.
 16924 | Orc:1    | Noticed MordorOrchid's ghost (journeyman OpEE)
 16941 | Orc:1    | Killed MordorOrchid's ghost
 16966 | Orc:1    | Noticed Nergalle
 16980 | Orc:1    | Killed Nergalle
 16980 | Orc:1    | Received a gift from Trog
 16980 | Orc:1    | Reached skill level 11 in Fighting
 17181 | Orc:1    | Noticed Erica
 17188 | Orc:1    | Killed Erica
 17363 | Orc:2    | Entered Level 2 of the Orcish Mines
 17363 | Orc:2    | Found Kuerr's Antique Armour Emporium.
 17363 | Orc:2    | Noticed an orc warlord
 17387 | Orc:1    | Killed an orc warlord
 17755 | Orc:2    | Reached skill level 12 in Fighting
 17793 | Orc:2    | Found Aqatatre's Antique Weapon Emporium.
 18037 | Orc:2    | Found a roughly hewn altar of Beogh.
 18199 | Orc:2    | Found Nocaiv's General Store.
 18207 | Orc:2    | Bought the +0 pair of fencer's gloves {+Riposte Dex+3} for 480 gold pieces
 18207 | Orc:2    | Found the +0 pair of fencer's gloves {+Riposte Dex+3}
 18334 | Orc:2    | Found Bysch's Book Boutique.
 18334 | Orc:2    | Found a staircase to the Elven Halls.
 18631 | Orc:2    | Received a gift from Trog
 18637 | Orc:2    | Got a crystal great sword {god gift}
 18643 | Orc:2    | Identified the +2 great sword of the Valley of Death {slice, rC+ rN+ Str-2 Stlth+} (Trog gifted it to you on level 2 of the Orcish Mines)
 19239 | D:11     | Noticed Erolcha
 19245 | D:11     | Killed Erolcha
 19297 | D:11     | Reached skill level 13 in Fighting
 19297 | D:11     | Reached XP level 15. HP: 104/123 MP: 15/15
 19339 | D:11     | Found Jamae's Gadget Emporium.
 19388 | D:11     | Identified a scroll of acquirement
 19389 | D:11     | Got a jewelled shield
 19400 | D:11     | Identified the +3 shield of the Thunderstorm {rElec Str+5} (You acquired it on level 11 of the Dungeon)
 20554 | D:12     | Found a portal to a secret trove of treasure.
 20589 | D:12     | You paid a toll of 3 potions of resistance to enter a treasure trove
 20590 | Trove    | Entered a treasure trove
 20597 | Trove    | Got a glittering copper ring
 20602 | Trove    | Got a shimmering platinum amulet
 20614 | Trove    | Got a scorched copper ring
 20616 | Trove    | Got a flickering platinum ring
 20618 | Trove    | Got a faintly glowing ivory ring
 20620 | Trove    | Got a faintly glowing sapphire amulet
 20652 | D:12     | Identified the ring "Ydeckeem" {rC+ rN+ Int+4} (You found it in a treasure trove)
 20654 | D:12     | Identified the amulet "Naeneluawk" {+Rage +Fly rElec rF+ Dex-4} (You found it in a treasure trove)
 20656 | D:12     | Identified the amulet of Mobuclacs {Gourm *Slow rN+ Str+4 Dex+3} (You found it in a treasure trove)
 20672 | D:12     | Identified the ring "Myzoar" {rPois rF+ Int+5 Dex-2 Stlth+} (You found it in a treasure trove)
 20674 | D:12     | Identified the ring "Sushucur" {Str+2 Int+2 SInv} (You found it in a treasure trove)
 20676 | D:12     | Identified the ring "Ecasel" {rC+ Stlth+} (You found it in a treasure trove)
 21210 | D:13     | Noticed Maurice
 21214 | D:13     | Received a gift from Trog
 21215 | D:13     | Got a bloodstained scimitar {god gift}
 21216 | D:13     | Identified the +7 scimitar "Wismuwna" {drain, rC- Str+2 Int+6} (Trog gifted it to you on level 13 of the Dungeon)
 21220 | D:13     | Noticed Urug
 21224 | D:13     | Noticed Josephine
 21224 | D:13     | Killed Maurice
 21242 | D:13     | Killed Urug
 21246 | D:13     | Killed Josephine
 21323 | D:13     | Noticed Sonja
 21328 | D:13     | Killed Sonja
 21586 | D:14     | Reached skill level 14 in Fighting
 21854 | D:13     | Found a gate to the Vaults.
 22612 | D:14     | Reached skill level 1 in Shields
 23094 | D:15     | Entered Level 15 of the Dungeon
 23182 | D:15     | Found a staircase to the Depths.
 23264 | D:15     | Gained mutation: Your flesh is heat resistant. (rF+) [demonic ancestry]
 23264 | D:15     | Reached XP level 16. HP: 132/134 MP: 16/16
 23623 | D:15     | Reached skill level 5 in Shields
 23664 | D:15     | Paralysed by an ogre mage for 6 turns
 23672 | D:15     | Received a gift from Trog
 23672 | D:15     | Reached skill level 15 in Fighting
 23931 | D:15     | Found a shimmering altar of Xom.
 24236 | Swamp:1  | Entered Level 1 of the Swamp
 24931 | Swamp:2  | Noticed Kirke
 24980 | Swamp:2  | Noticed Roxanne
 25001 | Swamp:2  | HP: 4/136 [spectral anaconda[a ghost crab] (8)]
 25016 | Swamp:3  | Slain by an insubstantial wisp

Skill      XL: |  1  2  3  4  5  6  7  8  9 10 11 12 13 14 15 16 |
---------------+-------------------------------------------------+-----
Unarmed Combat | 3 4 5 6 7 9 11 12 13 | 13.2
Fighting       | 7 8 13 14 15 | 15.2
Armour         | 4 6 8 |  8.5
Dodging        | 6 7 8 9 |  9.2
Long Blades    | 2 10 13 14 | 14.0
Shields        | 3 6 |  6.6
Short Blades   | |  0.6

Action                   |  1- 3 |  4- 6 |  7- 9 | 10-12 | 13-15 | 16-18 || total
-------------------------+-------+-------+-------+-------+-------+-------++-------
Melee: Unarmed           |   123 |   201 |   223 |   129 |    33 |    13 ||   722
       Kick              |     2 |    42 |    60 |   107 |   563 |   135 ||   909
       Punch             |       |     6 |    13 |     6 |       |       ||    25
       Scimitar          |       |       |       |   166 |  1024 |   105 ||  1295
       Rapier            |       |       |       |       |     4 |       ||     4
       Demon blade       |       |       |       |       |       |    75 ||    75
Invok: Berserk           |     3 |     3 |     3 |     2 |     4 |       ||    15
       Brothers in Arms  |       |       |       |     1 |     4 |       ||     5
       Burn Spellbooks   |       |       |       |     1 |       |       ||     1
       Trog's Hand       |       |       |       |       |     3 |       ||     3
Evoke: Wand              |       |       |       |       |     1 |       ||     1
  Use: Scroll            |       |     6 |     9 |     3 |    19 |     7 ||    44
       Potion            |       |       |     4 |     1 |     2 |     4 ||    11
 Stab: Sleeping          |     4 |       |       |       |       |     1 ||     5
       Confused          |       |       |       |       |     2 |       ||     2
  Eat: Chunk             |     5 |     7 |    14 |    16 |    43 |     5 ||    90
       Ration            |       |     1 |       |       |     2 |       ||     3
Armor: Animal skin       |    40 |    23 |       |       |       |       ||    63
       Scale mail        |       |    14 |    51 |    85 |   278 |    34 ||   462
       Ring mail         |       |     6 |    22 |       |       |       ||    28
Dodge: Dodged            |    93 |   110 |   125 |   183 |   462 |    86 ||  1059
Block: Shield            |       |       |       |   103 |   511 |   109 ||   723
       Rpst.: Scimitar   |       |       |       |    25 |   152 |    13 ||   190
       Demon blade       |       |       |       |       |       |    11 ||    11
       Unarmed           |       |       |       |       |       |     1 ||     1
